 Dungeon Crawl Stone Soup version 0.32-a0-996-gb3226c233f (webtiles) character file.

Game seed: 2003855660263478104

243 lilalause the Chopper (level 6, -2/48 HPs)
             Began as a Coglin Monk on Apr 23, 2024.
             Was a Believer of Elyvilon.
             Incinerated by a bombardier beetle (5 damage)
             ... with a burning spray
             ... on level 4 of the Dungeon.
             The game lasted 00:06:56 (2887 turns).

lilalause the Chopper (Coglin Monk)                 Turns: 2887, Time: 00:06:57

Health: -2/48      AC:  5    Str: 13    XL:     6   Next: 9%
Magic:  6/6        EV: 12    Int:  9    God:    Elyvilon [**....]
Gold:   108        SH:  0    Dex: 17    Spells: 5/5 levels left

rFire   . . .        a - +0 hand axe {Cynebald}
rCold   . . .        z - +0 hand axe {Hachiro}
rNeg    . . .        q - +0 leather armour
rPois   .            (no helmet)
rElec   .            (no cloak)
rCorr   .            g - +0 pair of gloves
SInv    .            F - +0 pair of boots
Will    .....        (amulet unavailable)
Stlth   +            (ring unavailable)
HPRegen 0.28/turn    (ring unavailable)
MPRegen 0.10/turn    (no gizmo)

%: no passive effects
@: confused, on fire, ambrosia-drunk, glowing, revving
A: off-hand wielding, slow wielding, warmup strikes, no jewellery
a: Invent Gizmo, Renounce Religion, Purification, Heal Other


You were on level 4 of the Dungeon.
You worshipped Elyvilon.
Elyvilon was pleased with you.
You visited 1 branch of the dungeon, and saw 4 of its levels.

You collected 108 gold pieces.

Inventory:

Hand Weapons
 a - a +0 hand axe (weapon) {Cynebald}
 s - a +0 sling
 u - a +0 sling
 w - a +0 whip {Santos}
 z - a +0 hand axe (offhand) {Hachiro}
Missiles
 k - a throwing net
 r - 5 atropa-tipped darts
 E - 2 boomerangs (quivered)
Armour
 b - a +0 robe
 d - an orb of light
 g - a +0 pair of gloves (worn)
 l - a +0 crystal plate armour
 q - a +0 leather armour (worn)
 t - a +0 kite shield
 y - a +0 ring mail
 F - a +0 pair of boots (worn)
Magical Staves
 e - a staff of conjuration
 n - a staff of death
Talismans
 j - a flux talisman
Scrolls
 f - a scroll of enchant weapon {unknown}
 m - 2 scrolls of poison {unknown}
 p - a scroll of enchant armour {unknown}
 v - 2 scrolls of identify {unknown}
 A - a scroll of noise {unknown}
Potions
 h - a potion of berserk rage {unknown}
 i - a potion of attraction {unknown}
 o - 2 potions of curing {unknown}
 x - a potion of heal wounds {unknown}
 B - 2 potions of degeneration {unknown}
 C - 2 potions of enlightenment {unknown}
 D - a potion of cancellation {unknown}


   Skills:
 + Level 3.9 Fighting
 * Level 4.6 Axes
 + Level 1.6 Throwing
 + Level 1.1 Armour
 + Level 3.4 Dodging
 + Level 0.8 Invocations


You had 5 spell levels left.
You didn't know any spells.
Your spell library was empty.

Dungeon Overview and Level Annotations

Branches:
Dungeon (4/15)
 Temple: D:4-7

Altars:
Elyvilon
Gozag
Kikubaaqudgha
Ru
Wu Jian

Shops:
D:2 *   D:3 :


Innate Abilities, Weirdness & Mutations

You can wield a second weapon in your off-hand.
It takes a long time for you to wield or remove held weapons.
Your first few attacks do less damage.
You cannot equip rings or amulets.


Message History

You are covered in liquid fire!
You hit the bombardier beetle but do no damage.
The bombardier beetle is almost dead.
You hit the bombardier beetle but do no damage.
The liquid fire burns you!
You hit the bombardier beetle but do no damage.
The bombardier beetle is almost dead.
You completely miss the bombardier beetle with your +0 hand axe.
The liquid fire burns you!
The bombardier beetle bites you but does no damage.
You barely miss the bombardier beetle with your +0 hand axe.
The bombardier beetle is almost dead.
You hit the bombardier beetle with your +0 hand axe.
The liquid fire burns you!
The bombardier beetle bites you but does no damage.
You hit the bombardier beetle with your +0 hand axe.
You kill the bombardier beetle!
The liquid fire burns you!
You have reached level 6!
Unknown command.
Unknown command.
Unknown command.
Unknown command.
The liquid fire burns you! The liquid fire burns you!
The liquid fire burns you! The liquid fire burns you!
The liquid fire burns you!
* * * LOW HITPOINT WARNING * * *
The liquid fire burns you!
* * * LOW HITPOINT WARNING * * *
The liquid fire burns you!
* * * LOW HITPOINT WARNING * * *
The liquid fire burns you!
* * * LOW HITPOINT WARNING * * *
Unknown command.
You are confused.
You feel invigorated. The liquid fire burns you!
You die...

#.# #.# #.#
#.# #.# #.#
### #.###
...#
#...##..#
#.#.@.#
######
#.####.#
.....# #^#
.. ####...
#.# ###
#.######.#
#........#
########<#
#.#
#.#######.#


There were no monsters in sight!

Vanquished Creatures
  A black bear (D:4)
  A bombardier beetle (D:4)
  3 adders
  2 ribbon worms
  2 orcs (D:3)
  10 ball pythons
  7 endoplasms
  5 giant cockroaches
  8 goblins
  4 hobgoblins
  6 jackals (D:2)
  11 kobolds
  3 quokkas
  6 bats
  2 frilled lizards (D:1)
  8 rats
79 creatures vanquished.

Notes
Turn   | Place    | Note
-------+----------+-------------------------------------------
     0 | D:1      | lilalause the Coglin Monk began the quest for the Orb.
     0 | D:1      | Reached XP level 1. HP: 18/18 MP: 1/1
    93 | D:1      | Reached XP level 2. HP: 16/24 MP: 2/2
   418 | D:1      | Found a faded altar of an unknown god.
   508 | D:1      | Reached XP level 3. HP: 28/29 MP: 3/3
  1218 | D:2      | Found Idaxekh's General Store.
  1251 | D:2      | Reached XP level 4. HP: 35/35 MP: 4/4
  1309 | D:2      | Reached skill level 4 in Axes
  1853 | D:3      | Reached skill level 1 in Throwing
  1931 | D:3      | Found Alus's Book Emporium.
  2228 | D:3      | Found an ornate altar of the Wu Jian Council.
  2282 | D:3      | Found a sacrificial altar of Ru.
  2284 | D:3      | Found an ancient bone altar of Kikubaaqudgha.
  2290 | D:3      | Found a white marble altar of Elyvilon.
  2293 | D:3      | Found an opulent altar of Gozag.
  2300 | D:3      | Became a worshipper of Elyvilon the Healer
  2300 | D:3      | Reached * piety under Elyvilon
  2300 | D:3      | Reached ** piety under Elyvilon
  2376 | D:3      | Reached XP level 5. HP: 41/41 MP: 5/5
  2704 | D:4      | Noticed a black bear
  2722 | D:4      | Killed a black bear
  2723 | D:4      | Reached skill level 1 in Armour
  2879 | D:4      | Reached XP level 6. HP: 32/48 MP: 6/6
  2887 | D:4      | Incinerated by a bombardier beetle

Illustrated notes

Levels and vault maps discovered:
D:1:      dpeg_arrival_renting, layout_loops_cross,
          shapermc_ecumenical_altar_acropolis, minmay_close_crescents
D:2:      layout_rooms, serial_shops, shop_fountains, kennysheep_generic_room_10
D:3:      layout_loops_corners, minitemple, nzn_wu_jian_council_hall,
          serial_shops, nicolae_shop_tiny_waterfront
D:4:      layout_loops_ring, zin_academy, marbit_many_paths,
          minmay_temple_entry_tees

Skill      XL: |  1  2  3  4  5 |
---------------+----------------+-----
Dodging        | 3 |  3.4
Axes           | 4 |  4.6
Throwing       | 1 |  1.6
Armour         | 1 |  1.1
Fighting       | |  3.9
Invocations    | |  0.8

Action                     |  1- 3 |  4- 6 || total
---------------------------+-------+-------++-------
  Melee: Hand axe          |   101 |   158 ||   259
         Whip              |       |    16 ||    16
  Throw: Boomerang         |       |     5 ||     5
    Use: Potion            |       |     1 ||     1
   Stab: Sleeping          |       |     1 ||     1
 Armour: Robe              |    67 |       ||    67
         Leather armour    |     2 |    54 ||    56
  Dodge: Dodged            |    68 |    74 ||   142

Table legend: (Time is in decaauts)
 A = Elapsed time spent in this place.
 B = Non-inter-level travel time spent in this place.
 C = Inter-level travel time spent in this place.
 D = Time resting spent in this place.
 E = Time spent auto-exploring this place.
 F = Levels seen in this place.
 G = Mean time per level.
                   A        B        C        D        E       F      G
               +--------+--------+--------+--------+--------+-----+--------+
         Total |   2909 |   2817 |     92 |     96 |   2080 |   4 |  727.2 |
       Dungeon |   2909 |   2817 |     92 |     96 |   2080 |   4 |  727.2 |
               +--------+--------+--------+--------+--------+-----+--------+

Top non-repeatable levels by time:
     D:3: 977 daAuts
     D:1: 901 daAuts
     D:2: 672 daAuts
     D:4: 358 daAuts
